 Dungeon Crawl Stone Soup version 0.18-a0-1303-g41c131c (webtiles) character file.

53671 vatarom the Shatterer (level 14, -1/127 HPs)
             Began as an Ogre Hunter on Feb 8, 2016.
             Was a High Priest of Cheibriados.
             Slain by a spiny frog (17 damage)
             ... on level 8 of the Lair of Beasts on Feb 12, 2016.
             The game lasted 00:37:21 (17703 turns).

vatarom the Shatterer (Ogre Hunter)                Turns: 17703, Time: 00:37:21

Health: -1/127     AC: 16    Str: 35    XL:     14   Next: 69%
Magic:  1/24       EV: 22    Int: 23    God:    Cheibriados [*****.]
Gold:   1119       SH:  0    Dex: 24    Spells: 1 memorised, 8 levels left

rFire  . . .     SeeInvis .     w - +0 giant spiked club
rCold  . . .     Gourm    .     d - +2 robe {rN+}
rNeg   + . .     Faith    .     (shield currently unavailable)
rPois  .         Spirit   .     J - +2 hat
rElec  .         Dismiss  .     i - +2 cloak {+Inv}
rCorr  .         Reflect  .     (gloves unavailable)
SustAt .         Harm     .     (boots unavailable)
MR     +....     Rnd*Rage +     (no amulet)
Stlth  ++........ Rnd*Tele +    m - -3 ring of dexterity (curse)
                                x - +3 ring of evasion

@: lethally poisoned (-1 -> -6), very slow, somewhat resistant to hostile
enchantments, unstealthy
A: unfitting armour, talons 1, iridescent scales 1, thin metallic scales 1,
berserk 1, blink, high mp 1, mutation resistance 1, strong 1, teleportitis 1,
tough skin 1
a: Blink, Bend Time, Temporal Distortion, Slouch, Step From Time, Renounce
Religion, Evoke Invisibility


You were on level 8 of the Lair of Beasts.
You worshipped Cheibriados.
Cheibriados was extremely pleased with you.
You were not hungry.

You visited 3 branches of the dungeon, and saw 20 of its levels.

You collected 1119 gold pieces.

Inventory:

Hand Weapons
 w - a +0 giant spiked club (weapon)
Missiles
 c - 4 large rocks (quivered)
 f - 8 poisoned javelins
Armour
 d - a +2 robe of positive energy (worn)
 i - a +2 cloak of invisibility (worn)
 J - a +2 hat (worn)
Magical Staves
 K - an uncursed staff of energy
Jewellery
 g - a +3 ring of evasion
 m - a cursed -3 ring of dexterity (right hand)
 n - an uncursed ring of protection from cold
 u - an uncursed ring of teleportation
 x - a +3 ring of evasion (left hand)
 I - an uncursed amulet of magic regeneration
 N - an uncursed ring of protection from magic
Wands
 e - a wand of lightning (6/15)
 o - a wand of digging (12/24)
 r - a wand of flame (39/48)
 v - a wand of flame (24/48)
 E - a wand of lightning (5/15)
 L - a wand of iceblast (11/15)
 M - a wand of digging (14/24)
 Q - a wand of polymorph (10/24)
Scrolls
 k - 2 scrolls of remove curse
 l - 9 scrolls of identify
 q - 5 scrolls of amnesia
 t - 2 scrolls of teleportation
 y - 2 scrolls of enchant armour
 B - 2 scrolls of recharging
 D - a scroll of magic mapping
Potions
 a - 3 potions of brilliance
 b - a potion of magic
 s - 2 potions of might
 A - 2 potions of flight
 F - 3 potions of curing
 G - 2 potions of beneficial mutation
Books
 j - a book of Death

   Spells                             Type                      Level
   a - Corpse Rot                     Necromancy                   2
   b - Sublimation of Blood           Necromancy                   2
   c - Agony                          Necromancy                   5
   d - Dispel Undead                  Necromancy                   5
   e - Excruciating Wounds            Charms/Necromancy            5
   f - Bolt of Draining               Conjuration/Necromancy       5
 H - a Grand Grimoire

   Spells                             Type                      Level
   a - Monstrous Menagerie            Summoning                    7
   b - Summon Greater Demon           Summoning                    7
   c - Malign Gateway                 Summoning/Translocation      7
   d - Summon Horrible Things         Summoning                    8
Comestibles
 h - 7 meat rations
 p - 4 royal jellies
 z - 3 beef jerkies
 O - a slice of pizza
 P - a chunk of flesh


   Skills:
 - Level 5.6 Fighting
 * Level 21.2 Maces & Flails
 * Level 11.6 Throwing
 - Level 9.1 Dodging
 - Level 0.7 Stealth
 + Level 10.4 Invocations


You had 8 spell levels left.
You knew the following spells:

 Your Spells              Type           Power        Failure   Level  Hunger
a - Bolt of Draining      Conj/Necr      #.........   100%        5    ######.


Dungeon Overview and Level Annotations

Branches:
Dungeon (11/15)            Temple (1/1) D:4            Lair (8/8) D:8
  Swamp (0/4) Lair:6        Snake (0/4) Lair:3        Slime (0/6) Lair:8
    Orc (0/2) D:9

Altars:
Ashenzari
Cheibriados
Dithmenos
Elyvilon
Fedhas
Gozag
Kikubaaqudgha
Makhleb
Nemelex Xobeh
Okawaru
Pakellas
Qazlal
Ru
Sif Muna
Trog
Vehumet
Xom
Yredelemnul
Zin
The Shining One

Annotations:
Lair:4 exclusion: oklob plant


Innate Abilities, Weirdness & Mutations

You are too large for most types of armour.
You have tough skin (AC +1).
You have sharp toenails.
You are partially covered in iridescent scales (AC +4).
You are partially covered in thin metallic scales (AC +2).
You tend to lose your temper in combat.
You can translocate small distances at will.
You have an increased reservoir of magic (+10% MP).
You are somewhat resistant to further mutation.
Your muscles are strong. (Str +2)
You are occasionally teleported next to monsters.


Message History

The spiny frog stings you!
* * * LOW HITPOINT WARNING * * *
The giant leech closely misses you. The spiny frog stings you.
* * * LOW HITPOINT WARNING * * *
You are poisoned.
The spiny frog poisons you!
Okay, then.
You blink.
Splash!
You fall into the shallow water.
Moving in this stuff is going to be slow.
You feel slightly more hungry.
A spiny frog comes into view.
You feel sick.
The spiny frog gives a loud, deep croak!
You hear the brisk ticking of a distant clock.
You feel very sick. The spiny frog misses you.
The spiny frog closely misses you. The spiny frog stings you!
You die...

*,,,,,**,,,,,≈≈≈≈≈≈,≈≈≈≈,≈≈≈≈≈≈,
*,,,,,,,.....≈P≈≈≈≈P≈≈≈≈≈,,≈≈≈≈≈
**,,,,,,..≈..≈≈≈≈≈≈P≈P≈≈≈≈≈≈≈≈≈≈
**,,,,,.≈...P≈≈≈P≈≈≈P≈.,F≈≈≈≈≈≈
**,,,,,...≈.≈≈≈≈P≈≈≈≈P≈≈≈≈P≈≈≈≈
*,,,,,,......≈≈≈≈≈P≈≈≈P†≈≈≈≈≈≈≈
**,,,,,≈...≈≈≈≈≈≈≈≈≈.P≈.≈≈≈≈≈≈≈
**,,,,,.P..≈≈≈≈†P≈P..$PP≈≈≈≈≈≈,
**,,,,,,P.≈.≈F≈@F≈≈≈†[()≈.≈≈≈≈≈,
*,,,,,,,....≈P≈.F≈≈PP}$$P.≈≈≈≈≈≈
*,,,,,,,....≈P≈≈†≈†wP.$!†≈≈≈≈,≈≈
**,,,,**#...≈≈≈≈≈≈P≈§†PPP≈≈≈≈≈,≈
*,,,,*,*#.≈.PP≈≈≈≈≈≈P≈PP≈≈≈≈≈≈≈≈
**,,****#PP≈.≈≈≈≈≈≈≈≈≈≈≈≈≈≈≈≈≈≈≈
*,,,,* ##...≈≈≈≈≈≈≈≈≈≈≈≈≈≈≈≈≈≈≈
**,,,* *...P.≈≈≈≈≈≈≈≈≈≈≈≈.≈≈≈≈≈
*,,,** ***,,≈≈≈≈≈P≈≈≈≈≈≈≈≈≈≈,≈≈


You could see a giant leech and 3 spiny frogs.

Vanquished Creatures
  4 hydras
  8 death yaks
  Pikel (D:5)
  4 hill giants
  4 griffons
  6 elephants
  10 black mambas
  A torpor snail (Lair:7)
  16 spiny frogs
  11 komodo dragons
  A fire drake (Lair:7)
  A queen bee (D:8)
  2 polar bears
  A two-headed ogre (D:9)
  29 blink frogs
  Prince Ribbit (D:5)
  2 spriggans (Lair:3)
  A wyvern (Lair:5)
  28 yaks
  A vampire (D:10)
  Eustachio (D:4)
  14 hippogriffs
  2 hungry ghosts
  A steam dragon (D:8)
  14 wolves
  7 vampire mosquitoes
  An insubstantial wisp (Lair:1)
  Edmund (D:4)
  Duvessa (D:5)
  21 water moccasins
  11 porcupines
  A black bear (Lair:3)
  2 orc warriors
  3 phantoms
  A necrophage (D:10)
  3 sky beasts
  A slave (D:5)
  A wasp (D:9)
  5 ogres
  5 centaurs
  15 crocodiles
  Blork the orc (D:4)
  27 giant frogs
  3 gnoll sergeants
  2 wyvern skeletons
  Dowan (D:5)
  28 killer bees
  5 scorpions
  8 wights
  An electric eel (Lair:8)
  2 giant frog zombies
  5 crimson imps
  4 hounds
  3 centaur zombies
  9 iguanas
  6 orc priests
  Crazy Yiuf (D:5)
  Jessica (D:2)
  Ijyb (D:2)
  6 orc wizards
  10 worker ants
  21 sheep
  2 hound zombies
  5 worker ant zombies
  23 gnolls
  14 adders
  58 river rats
  3 shadow imps
  2 oozes (D:1)
  4 adder zombies
  2 adder skeletons
  A worm (D:3)
  3 giant geckos
  34 orcs
  3 giant cockroaches
  5 goblins
  5 hobgoblins
  12 jackals
  5 quokkas
  2 ball pythons
  A ball python skeleton (D:4)
  A ball python zombie (D:5)
  14 bats
  2 giant cockroach zombies
  A giant gecko skeleton (D:4)
  3 giant newts
  6 kobolds
  A quokka zombie (D:4)
  7 rats
607 creatures vanquished.

Vanquished Creatures (collateral kills)
  An ogre (D:7)
1 creature vanquished.

Vanquished Creatures (others)
  A slave (D:5)
  15 fungi
  11 plants
27 creatures vanquished.

Grand Total: 635 creatures vanquished

Notes
Turn   | Place    | Note
--------------------------------------------------------------
     0 | D:1      | vatarom the Ogre Hunter began the quest for the Orb.
     0 | D:1      | Reached XP level 1. HP: 22/22 MP: 1/1
     0 | D:1      | Upgraded the game from 0.18-a0-1285-g60d00e1 to 0.18-a0-1303-g41c131c
   407 | D:1      | Reached skill level 1 in Maces & Flails
   407 | D:1      | Reached XP level 2. HP: 14/31 MP: 2/2
   678 | D:1      | Reached XP level 3. HP: 29/39 MP: 3/3
  1143 | D:2      | Noticed Jessica
  1172 | D:2      | Killed Jessica
  1172 | D:2      | Reached XP level 4. HP: 20/49 MP: 4/4
  1954 | D:2      | Noticed Ijyb
  1989 | D:2      | Killed Ijyb
  1989 | D:2      | Reached XP level 5. HP: 39/55 MP: 5/5
  2103 | D:2      | Reached skill level 5 in Fighting
  2447 | D:3      | Noticed a fire elemental
  2448 | D:3      | Found a stormy altar of Qazlal.
  2454 | D:3      | Noticed a water elemental
  2454 | D:3      | Noticed an air elemental
  2541 | D:3      | Reached skill level 5 in Maces & Flails
  2552 | D:3      | Reached XP level 6. HP: 47/66 MP: 6/6
  2646 | D:3      | Found a shimmering altar of Xom.
  2723 | D:3      | Found a shattered altar of Ashenzari.
  2772 | D:3      | Reached skill level 6 in Maces & Flails
  3568 | D:4      | Noticed a phantom
  3600 | D:4      | Killed a phantom
  3600 | D:4      | Reached skill level 7 in Maces & Flails
  3650 | D:4      | Reached XP level 7. HP: 48/72 MP: 7/7
  3691 | D:4      | Gained mutation: You are clumsy. (Dex -2) [potion of mutation]
  3691 | D:4      | Gained mutation: You tend to lose your temper in combat. [potion of mutation]
  3691 | D:4      | Gained mutation: Your muscles are strong. (Str +2) [potion of mutation]
  3698 | D:4      | Noticed Blork the orc
  3713 | D:4      | Killed Blork the orc
  3713 | D:4      | Reached skill level 8 in Maces & Flails
  3845 | D:4      | Noticed Edmund
  3861 | D:4      | Killed Edmund
  3923 | D:4      | Reached skill level 9 in Maces & Flails
  3943 | D:4      | Reached XP level 8. HP: 37/81 MP: 8/8
  4123 | D:4      | Noticed Eustachio
  4159 | D:4      | Killed Eustachio
  4371 | D:4      | Reached skill level 10 in Maces & Flails
  4381 | D:4      | Found a staircase to the Ecumenical Temple.
  4401 | Temple   | Entered the Ecumenical Temple
  4454 | Temple   | Became a worshipper of Cheibriados the Contemplative
  4594 | D:5      | Entered Level 5 of the Dungeon
  4762 | D:5      | Reached skill level 11 in Maces & Flails
  5044 | D:5      | Noticed Dowan
  5047 | D:5      | Reached * piety under Cheibriados
  5052 | D:5      | Noticed Duvessa
  5053 | D:5      | Killed Dowan
  5053 | D:5      | Reached XP level 9. HP: 76/88 MP: 9/9
  5054 | D:5      | Noticed Prince Ribbit
  5055 | D:5      | Reached skill level 5 in Dodging
  5068 | D:5      | Killed Duvessa
  5098 | D:5      | Killed Prince Ribbit
  5098 | D:5      | Reached skill level 12 in Maces & Flails
  5413 | D:5      | Noticed Pikel
  5427 | D:5      | Killed Pikel
  5539 | D:5      | Noticed Crazy Yiuf
  5545 | D:5      | Killed Crazy Yiuf
  5871 | D:6      | Reached skill level 13 in Maces & Flails
  5961 | D:6      | Reached ** piety under Cheibriados
  6226 | D:6      | Reached skill level 1 in Invocations
  6239 | D:6      | Gained mutation: You can translocate small distances at will. [mutagenic meat]
  6240 | D:6      | Gained mutation: You are partially covered in iridescent scales (AC +4). [mutagenic meat]
  6241 | D:6      | Lost mutation: You are clumsy. (Dex -2) [mutagenic meat]
  6242 | D:6      | Gained mutation: You have sharp toenails. [mutagenic meat]
  6243 | D:6      | Gained mutation: You have an increased reservoir of magic (+10% MP). [mutagenic meat]
  6244 | D:6      | Gained mutation: You are agile. (Dex +2) [mutagenic meat]
  6503 | D:7      | Found an oddly glowing altar of Pakellas.
  6660 | D:7      | Found a bloodstained altar of Trog.
  6660 | D:7      | Found a blossoming altar of Fedhas.
  6724 | D:7      | Reached XP level 10. HP: 97/97 MP: 12/12
  6738 | D:7      | Found an iron altar of Okawaru.
  6893 | D:7      | Reached skill level 14 in Maces & Flails
  7084 | D:8      | Reached *** piety under Cheibriados
  7121 | D:8      | Found a staircase to the Lair.
  7596 | D:8      | Found a basalt altar of Yredelemnul.
  7658 | D:8      | Reached skill level 15 in Maces & Flails
  7667 | D:8      | Reached **** piety under Cheibriados
  7692 | D:8      | Reached skill level 5 in Invocations
  7929 | D:8      | Reached XP level 11. HP: 104/104 MP: 16/16
  8194 | D:9      | Found an iron altar of Okawaru.
  8231 | D:9      | Found a sacrificial altar of Ru.
  8463 | D:9      | Found a bloodstained altar of Trog.
  8484 | D:9      | Found a sparkling altar of Nemelex Xobeh.
  8683 | D:9      | Reached ***** piety under Cheibriados
  8792 | D:9      | Found a staircase to the Orcish Mines.
  8934 | D:10     | Entered Level 10 of the Dungeon
  9100 | D:10     | Noticed a hill giant
  9113 | D:10     | Killed a hill giant
  9113 | D:10     | Reached skill level 16 in Maces & Flails
  9392 | D:10     | Noticed a hill giant
  9402 | D:10     | Killed a hill giant
  9692 | D:11     | Noticed a hill giant
  9696 | D:11     | Noticed a hill giant
  9708 | D:11     | Killed a hill giant
  9711 | D:11     | Killed a hill giant
 10051 | Lair:1   | Entered Level 1 of the Lair of Beasts
 10081 | Lair:1   | Reached skill level 17 in Maces & Flails
 10181 | Lair:1   | Reached XP level 12. HP: 88/111 MP: 19/19
 10921 | Lair:2   | Gained mutation: You are partially covered in thin metallic scales (AC +2). [potion of beneficial mutation]
 11592 | Lair:2   | Reached ****** piety under Cheibriados
 11663 | Lair:3   | Reached skill level 18 in Maces & Flails
 11750 | Lair:3   | Gained mutation: You are occasionally teleported next to monsters. [potion of mutation]
 11750 | Lair:3   | Lost mutation: You are agile. (Dex +2) [potion of mutation]
 11750 | Lair:3   | Gained mutation: You are somewhat resistant to further mutation. [potion of mutation]
 11815 | Lair:3   | Found a staircase to the Snake Pit.
 11825 | Lair:3   | Reached skill level 5 in Throwing
 12425 | Lair:3   | Reached XP level 13. HP: 115/119 MP: 19/22
 12970 | Lair:4   | Reached skill level 19 in Maces & Flails
 13144 | Lair:4   | Identified a scroll of acquirement
 13852 | Lair:5   | Reached skill level 10 in Invocations
 14881 | Lair:6   | Found a staircase to the Swamp.
 15438 | Lair:6   | Learned a level 5 spell: Bolt of Draining
 15871 | Lair:6   | Reached skill level 20 in Maces & Flails
 16167 | Lair:7   | Reached skill level 10 in Throwing
 16167 | Lair:7   | Reached XP level 14. HP: 56/127 MP: 17/23
 17590 | Lair:8   | Entered Level 8 of the Lair of Beasts
 17646 | Lair:8   | Reached skill level 21 in Maces & Flails
 17703 | Lair:8   | Slain by a spiny frog

Vault maps used:
D:1:      mushboom_english_gardens
D:2:      first_bread, uniq_jessica, uniq_iyjb
D:3:      old_standard_altar, nicolae_qazlal_style_of_elements,
          evilmike_ruin_ashenzari
D:4:      minmay_temple_entry_mist, serial_undead, serial_undead_e,
          serial_undead_d, serial_undead_d, serial_undead_c, serial_undead_f,
          serial_undead_d, st_stairs_8, uniq_edmund, uniq_blork_the_orc,
          uniq_eustachio
D:5:      minmay_misc_feat_pillars, uniq_pikel, uniq_crazy_yiuf_cottage,
          uniq_duvessa, uniq_prince_ribbit1
D:7:      kennysheep_mini, gammafunk_temple_overflow_elements, basic_altar
D:8:      nicolae_overflow_crystal_walls, david_lair_shrubbed, david_nohive_1
D:9:      nicolae_ru_path_of_blood, nemelex_altar_shiori, orc_0_dummy,
          basic_altar, bloody_trog
D:11:     kennysheep_kobold_lugonu_temple, enter_trove_5, uniq_josephine
Temple:   circular_temple_12
Lair:1:   pond, grunt_megastairs_1
Lair:3:   minmay_snake_entry_six_corridors, forest_entry_grove
Lair:4:   dpeg_oklob_1
Lair:5:   infiniplex_staircase_pool
Lair:6:   swamp_mist_pool
Lair:7:   roderic_batcave, hangedman_lair_generics_rect, grunt_megastairs_5
Lair:8:   minmay_lair_end_frog_pond, slime_altar_1, lab_entry_generic,
          eino_small_chamber_without_monster

Action                   |  1- 3 |  4- 6 |  7- 9 | 10-12 | 13-15 || total
-------------------------+-------+-------+-------+-------+-------++-------
Melee: Short sword       |   138 |    79 |       |       |       ||   217
       Club              |       |    58 |       |       |       ||    58
       Mace              |       |     3 |       |       |       ||     3
       Dire flail        |       |   139 |   315 |       |       ||   454
       Giant spiked club |       |       |    56 |   600 |   497 ||  1153
Throw: Large rock        |     5 |     2 |       |     3 |    11 ||    21
       Throwing net      |     2 |       |       |     1 |       ||     3
Invok: Bend Time         |       |       |     3 |     2 |     2 ||     7
       Slouch            |       |       |       |     5 |    12 ||    17
 Abil: Blink             |       |       |       |       |     2 ||     2
  Use: Potion            |     3 |     9 |     5 |     6 |     3 ||    26
       Scroll            |     1 |     4 |    11 |     3 |     6 ||    25
 Stab: Sleeping          |       |     2 |     3 |     9 |     6 ||    20
       Distracted        |       |       |       |     1 |     2 ||     3
  Eat: Bread ration      |     1 |       |     3 |     1 |     2 ||     7
       Chunk             |       |     5 |     8 |     7 |       ||    20
       Pizza             |       |       |       |     1 |       ||     1
       Royal jelly       |       |       |       |     3 |     1 ||     4
       Meat ration       |       |       |       |       |     1 ||     1
